 Dungeon Crawl Stone Soup version 0.24.1-14-gf8d2b509d9 (webtiles) character file.

Game seed: 10791671402331870487, levelgen mode: deterministic

70618 tkbsonic5 the Drop of Water (level 14, -6/136 HPs)
             Began as a Deep Dwarf Monk on Dec 3, 2022.
             Was the Champion of Ru.
             Mangled by an alligator zombie (12 damage)
             ... on level 4 of the Swamp.
             The game lasted 02:08:29 (20719 turns).

tkbsonic5 the Drop of Water (Deep Dwarf Monk)      Turns: 20719, Time: 02:08:30

Health: -6/136     AC: 18    Str: 19      XL:     14   Next: 94%
Magic:  0/0        EV: 10    Int:  7 (10) God:    Ru [******]
Gold:   387        SH:  9    Dex: 20      Spells: 13/13 levels left

rFire    . . .     SeeInvis .   l - +3 war axe (chop)
rCold    . . .     Gourm    .   n - +3 buckler {AC+3}
rNeg     + + .     Faith    .   x - +0 swamp dragon scales
rPois    +         Spirit   .   J - +2 hat
rElec    .         Reflect  .   N - scarf {cloud immunity}
rCorr    .         Harm     .   u - +0 pair of gloves
MR       +++..                  p - +1 pair of boots
Stlth    ..........             y - amulet of rage
HPRegen  0.00/turn              q - ring of positive energy
MPRegen  0.07/turn              e - +5 ring of dexterity

@: non-regenerating, studying Invocations, heavily drained, very slow
A: damage resistance, heal wounds, blink, deterioration 1, dopey 1, magic
resistance 1, negative energy resistance 1, sense surroundings 2, no stealth,
hated by all, inability to train dodging, no charms magic, no fire magic, no
transmutations magic, inexperienced 1, no regeneration
a: Heal Wounds, Blink, Draw Out Power, Power Leap, Apocalypse, Renounce
Religion, Evoke Berserk Rage


You were on level 4 of the Swamp.
You worshipped Ru.
Ru was exalted by your worship.
You were not hungry.

You visited 4 branches of the dungeon, and saw 25 of its levels.

You collected 1617 gold pieces.
You spent 1230 gold pieces at shops.

Inventory:

Hand Weapons
 i - a +0 hand crossbow
 l - a +3 war axe of chopping (weapon)
 m - a +3 mace of protection
Missiles
 a - 20 poisoned darts (quivered)
 d - 143 bolts
Armour
 n - a +3 buckler of protection (worn)
 p - a +1 pair of boots (worn)
 r - +1 ice dragon scales
 u - a +0 pair of gloves (worn)
 x - +0 swamp dragon scales (worn)
 J - a +2 hat (worn)
 N - a scarf of cloud immunity (worn)
 U - a +0 plate armour
Jewellery
 e - a +5 ring of dexterity (right hand)
 o - an uncursed ring of protection from cold
 q - a ring of positive energy (left hand)
 w - an uncursed amulet of the gourmand
 y - an amulet of rage (around neck)
 K - an uncursed ring of positive energy
 O - a +2 amulet of reflection
 Q - an uncursed ring of fire
Wands
 h - a wand of flame (7)
 s - a wand of digging (4)
Scrolls
 g - 10 scrolls of remove curse
 j - a scroll of amnesia
 k - a scroll of silence
 z - a scroll of identify
Potions
 t - 2 potions of cancellation
 A - a potion of curing
Books
 f - a manual of Invocations
Miscellaneous
 H - a crystal ball of energy
Comestibles
 c - 18 rations


   Skills:
 * Level 11.9(9.5) Fighting
 * Level 13.7(11.3) Axes
 + Level 1.6(6.4) Maces & Flails
 - Level 10.3(8.0) Crossbows
 - Level 6.7(4.6) Throwing
 * Level 9.9(7.7) Armour
 + Level 7.7(5.6) Shields
 - Level 15.0(12.5) Invocations
 - Level 9.6(7.4) Evocations


You had 13 spell levels left.
You didn't know any spells.
Your spell library contained the following spells:

 Spells                   Type           Power        Failure   Level  Hunger
 Apportation              Tloc           #.....       58%         1    ##.....
 Confusing Touch          Hex            #.....       58%         1    ##.....
 Corona                   Hex            #......      58%         1    ##.....
 Magic Dart               Conj           #...         58%         1    ##.....
 Pain                     Necr           #...         58%         1    ##.....
 Sting                    Conj/Pois      #...         58%         1    ##.....
 Blink                    Tloc           N/A          73%         2    ###....
 Poisonous Vapours        Pois/Air       #.....       73%         2    ###....
 Slow                     Hex            #.......     73%         2    ###....
 Mephitic Cloud           Conj/Pois/Air  #.......     91%         3    ####...
 Portal Projectile        Hex/Tloc       #.....       91%         3    ####...
 Vampiric Draining        Necr           #.........   91%         3    ####...
 Cause Fear               Hex            #.........   100%        4    #####..
 Leda's Liquefaction      Hex/Erth       #.........   100%        4    #####..
 Olgreb's Toxic Radiance  Pois           #.......     100%        4    #####..
 Venom Bolt               Conj/Pois      #.........   100%        5    ######.
 Animate Skeleton         Necr           Unusable     N/A         1    N/A
 Summon Small Mammal      Summ           Unusable     N/A         1    N/A
 Call Imp                 Summ           Unusable     N/A         2    N/A
 Call Canine Familiar     Summ           Unusable     N/A         3    N/A
 Conjure Flame            Conj/Fire      Unusable     N/A         3    N/A
 Inner Flame              Hex/Fire       Unusable     N/A         3    N/A
 Regeneration             Chrm/Necr      Unusable     N/A         3    N/A
 Summon Guardian Golem    Hex/Summ       Unusable     N/A         3    N/A
 Animate Dead             Necr           Unusable     N/A         4    N/A
 Summon Ice Beast         Ice/Summ       Unusable     N/A         4    N/A
 Summon Lightning Spire   Summ/Air       Unusable     N/A         4    N/A

Dungeon Overview and Level Annotations

Branches:
Dungeon (15/15)            Temple (0/1) D:4            Lair (5/6) D:9
  Swamp (4/4) Lair:4        Snake (0/4) Lair:4          Orc (0/2) D:11
 Vaults (0/5) D:14         Depths (1/5) D:15
  Slime: Lair:5-6

Altars:
Cheibriados
Elyvilon
Fedhas
Gozag
Hepliaklqana
Kikubaaqudgha
Makhleb
Nemelex Xobeh
Ru
Xom

Shops:
D:8 *   D:13 (?

Annotations:
D:7 exclusion: oklob plant
D:12 1 runed translucent door, Xapok's ghost, journeyman GnFi


Innate Abilities, Weirdness & Mutations

You are resistant to damage.
You can heal yourself by infusing magical energy.
You resist negative energy. (rN+)
You passively map the area around you.
You cannot be stealthy.
You are hated by all.
You cannot train Dodging skill.
You cannot study or cast Charms magic.
You cannot study or cast Fire magic.
You cannot study or cast Transmutations magic.
You are somewhat inexperienced. (-2 XL)
You do not regenerate.
You can translocate small distances at will.
Your body sometimes deteriorates upon taking damage.
You are dopey. (Int -2)
You are resistant to hostile enchantments. (MR+)


Message History

The eight-headed hydra is stunned by your will and fails to attack.
The four-headed hydra closely misses you.
The four-headed hydra bites you.
* * * LOW HITPOINT WARNING * * *
The four-headed hydra closely misses you.
The four-headed hydra bites you but does no damage.
You block the tyrant leech zombie's attack.
Okay, then.
As you read the scroll of fear, it crumbles to dust.
You assume a fearsome visage.
The alligator zombie is unaffected.
The tyrant leech zombie is unaffected.
The swamp dragon zombie is unaffected.
The tyrant leech zombie is unaffected.
The swamp drake looks frightened!
The eight-headed hydra looks frightened!
The bog body is unaffected.
The four-headed hydra looks frightened!
The swamp worm looks frightened!
The alligator looks frightened!
You block the alligator zombie's attack.
The alligator zombie tail-slaps you but does no damage.
The bog body begins to cast a spell, but is stunned by your will!
The tyrant leech zombie bites you. The alligator zombie bites you!
You die...

,,≈*≈♣≈≈≈≈≈≈≈≈,*≈≈≈≈≈≈.*
,,**♣≈≈≈≈≈≈≈≈.*≈≈≈§...♣♣
≈≈,≈♣♣≈≈≈≈≈≈≈♣♣*,≈.t≈§.♣* ***
≈≈≈,..♣≈≈≈♣w.k♣♣*..≈≈...***≈***
≈≈≈≈≈..≈≈♣♣..D.♣♣..≈≈...,*,,,,**
,,,≈≈≈....♣..n.≈≈...≈..≈≈,,,,≈,*
,,,,≈≈≈.≈≈.♣≈♣≈Z.n.≈...,≈≈,≈*,**
,,**.≈≈.≈≈≈w♣♣§ZZZ.♣♣♣,,,,,,,≈≈*
,***♣≈..≈≈≈n♣♣♣.@≈.♣**≈≈,,≈,,,**
,≈* ♣..≈♣♣..♣♣D.≈≈♣♣,,≈≈,,,,,,,*
≈,* ♣♣≈*♣≈..≈≈≈<≈≈♣*****,,≈≈,,≈*
,,* ***♣≈≈≈≈≈≈≈≈≈♣*,,,*≈,,,,,≈*
**** ♣.≈≈≈≈≈≈≈≈♣*,,,+,,,≈,,**
,≈,** ♣♣.≈≈.....♣*,,,*≈,,,≈,,*
≈≈≈,** ♣♣≈§.≈.≈♣♣*****,,,≈,,**
≈≈,,,* ♣.≈≈≈.♣♣ *,,≈≈,,,,,≈**
≈,,,,*****♣♣≈≈..♣* **,≈,**,≈,≈,*


You could see an alligator (fleeing), an eight-headed hydra (fleeing), a
four-headed hydra (fleeing), 2 bog bodies, a swamp worm (fleeing), a swamp drake
(fleeing), 2 tyrant leech zombies, an alligator zombie and a swamp dragon
zombie.

Vanquished Creatures
  2 stone giants (Depths:1)
  A merfolk impaler (Depths:1)
  An ettin (Depths:1)
  3 ice dragons
  A hydra (D:13)
  2 shambling mangroves (Swamp:1)
  A ghost crab (Swamp:1)
  A vault guard (D:14)
  3 centaur warriors
  5 two-headed ogres
  3 alligators (Swamp:1)
  A queen ant (Lair:2)
  A deep troll shaman (Depths:1)
  A tengu warrior (D:13)
  3 skeletal warriors (D:13)
  2 unseen horrors
  2 deep trolls (Depths:1)
  3 necromancers (D:14)
  A lindwurm (Lair:3)
  A deep elf mage (D:13)
  2 wizards (D:14)
  An orc knight (D:15)
  3 cyclopes
  7 ugly things
  2 manticores
  6 elephants
  5 black mambas
  2 centaur skeletons
  2 gargoyles
  6 spiny frogs
  A kobold demonologist (D:15)
  A freezing wraith (D:15)
  5 komodo dragons
  3 tyrant leeches
  4 trolls
  11 hornets
  10 slime creatures
  6 hippogriffs
  5 bog bodies (Swamp:1)
  8 blink frogs
  7 spriggans
  2 wyverns (Lair:5)
  18 yaks
  2 vampires
  A wraith (D:13)
  A basilisk (D:11)
  19 humans (D:14)
  A steam dragon (Lair:4)
  10 vampire mosquitoes
  3 swamp worms
  Edmund (D:6)
  9 soldier ants
  10 water moccasins
  3 nagas (Lair:4)
  A floating eye (shapeshifter) (Lair:5)
  8 swamp drakes
  A hornet zombie (D:15)
  6 porcupines
  3 sky beasts
  9 orc warriors
  An ice beast (D:7)
  3 black bears
  5 phantoms
  4 ogres
  3 wolves (Lair:3)
  17 centaurs
  5 crocodiles
  2 big kobolds (D:7)
  Blork the orc (D:4)
  16 bullfrogs
  A gnoll sergeant (D:12)
  3 earth elementals (Depths:1)
  A wyvern zombie (D:13)
  A water moccasin zombie (D:5)
  4 scorpions
  A water moccasin skeleton (D:4)
  6 wights
  3 howler monkeys
  A jelly (D:11)
  5 centaur zombies
  3 crimson imps
  A quasit (D:10)
  A bullfrog zombie (D:10)
  9 hounds
  3 bullfrog skeletons
  12 orc priests
  An iguana (D:13)
  Terence (D:3)
  15 orc wizards
  32 worker ants
  2 hound skeletons
  3 worker ant zombies
  Robin (D:3)
  3 gnolls (D:12)
  13 adders
  3 shadow imps
  2 oozes
  An adder skeleton (D:8)
  A worm (D:3)
  3 dart slugs
  5 leopard geckos
  68 orcs
  4 giant cockroaches
  16 goblins
  8 hobgoblins
  16 jackals
  2 quokkas
  A ball python (D:1)
  9 bats
  8 frilled lizards
  18 kobolds
  A leopard gecko skeleton (D:8)
  A quokka skeleton (D:4)
  9 rats
  A fungus (Lair:2)
  4 plants
607 creatures vanquished.

Vanquished Creatures (others)
  A vault guard (D:14)
  2 hydras
  An alligator (Swamp:1)
  A swamp dragon (Swamp:1)
  An efreet (D:15)
  A tengu conjurer (D:13)
  A troll (D:11)
  A hornet (Swamp:1)
  A spriggan (D:8)
  A yak (D:13)
  A basilisk (Lair:3)
  2 swamp worms
  A hornet zombie (Swamp:4)
  An orc warrior (D:14)
  3 centaurs
  An orc wizard (D:3)
  A worker ant (Lair:2)
  A goblin (D:1)
  A quokka (D:8)
  A kobold (D:7)
  13 fungi
  4 plants (D:7)
41 creatures vanquished.

Grand Total: 648 creatures vanquished

Notes
Turn   | Place    | Note
-------+----------+-------------------------------------------
     0 | D:1      | tkbsonic5 the Deep Dwarf Monk began the quest for the Orb.
     0 | D:1      | Reached XP level 1. HP: 20/20 MP: 1/1
   147 | D:1      | Reached XP level 2. HP: 14/27 MP: 2/2
   620 | D:1      | Reached XP level 3. HP: 34/34 MP: 3/3
   740 | D:1      | Reached skill level 1 in Throwing
  1415 | D:2      | Found a sacrificial altar of Ru.
  1711 | D:2      | Became a worshipper of Ru the Awakened
  1729 | D:2      | Gained mutation: You cannot be stealthy. [Ru sacrifice]
  1844 | D:3      | Reached skill level 1 in Armour
  1868 | D:3      | Reached XP level 4. HP: 42/42 MP: 4/4
  2004 | D:3      | Noticed Robin
  2021 | D:3      | Killed Robin
  2021 | D:3      | Reached skill level 1 in Shields
  2068 | D:3      | Reached XP level 5. HP: 37/49 MP: 5/5
  2614 | D:3      | Reached XP level 6. HP: 30/57 MP: 5/5
  2635 | D:3      | Noticed Terence
  2656 | D:3      | Killed Terence
  3208 | D:4      | Found a staircase to the Ecumenical Temple.
  3243 | D:4      | Gained mutation: You are somewhat inexperienced. (-2 XL)
                  | [Ru sacrifice]
  3243 | D:4      | Reached XP level 5. HP: 43/50 MP: 4/4
  3243 | D:4      | Reached XP level 4. HP: 43/44 MP: 3/3
  3243 | D:4      | Reached * piety under Ru
  3243 | D:4      | Reached ** piety under Ru
  3243 | D:4      | Reached *** piety under Ru
  3320 | D:4      | Reached skill level 5 in Axes
  3378 | D:4      | Noticed a phantom
  3380 | D:4      | Noticed an ogre
  3392 | D:4      | Reached XP level 5. HP: 36/50 MP: 4/4
  3396 | D:4      | Killed an ogre
  3424 | D:4      | Killed a phantom
  3424 | D:4      | Reached XP level 6. HP: 50/58 MP: 5/5
  3476 | D:4      | Noticed Blork the orc
  3488 | D:4      | Killed Blork the orc
  3787 | D:5      | Entered Level 5 of the Dungeon
  3800 | D:5      | Found a hazy altar of Hepliaklqana.
  3864 | D:5      | Reached XP level 7. HP: 37/66 MP: 6/6
  3879 | D:5      | Reached skill level 5 in Fighting
  3967 | D:5      | Found a white marble altar of Elyvilon.
  4164 | D:5      | Found a sparkling altar of Nemelex Xobeh.
  4578 | D:6      | Noticed Edmund
  4611 | D:6      | Killed Edmund
  4611 | D:6      | Reached XP level 8. HP: 51/76 MP: 0/6
  4730 | D:6      | Found a snail-covered altar of Cheibriados.
  4984 | D:7      | Noticed a gargoyle
  5107 | D:7      | Found a burning altar of Makhleb.
  5179 | D:7      | Noticed a hippogriff
  5196 | D:7      | Killed a hippogriff
  5196 | D:7      | Reached skill level 5 in Armour
  5268 | D:7      | Found an ancient bone altar of Kikubaaqudgha.
  5269 | D:7      | Found a snail-covered altar of Cheibriados.
  5289 | D:7      | Gained mutation: You passively map the area around you.
                  | [Deep Dwarf growth]
  5289 | D:7      | Reached XP level 9. HP: 52/85 MP: 0/7
  5548 | D:7      | Found a blossoming altar of Fedhas.
  5567 | D:7      | Gained mutation: You cannot train Dodging skill. [Ru
                  | sacrifice]
  5567 | D:7      | Reached **** piety under Ru
  5586 | D:7      | Killed a gargoyle
  5586 | D:7      | Reached skill level 2 in Invocations
  5586 | D:7      | Reached skill level 1 in Evocations
  5599 | D:7      | Reached skill level 3 in Invocations
  5680 | D:7      | Noticed an oklob plant
  6129 | D:8      | Reached skill level 1 in Crossbows
  6188 | D:8      | Found Heoschaac's Assorted Antiques.
  6195 | D:8      | Bought a runed fluorescent amulet for 140 gold pieces
  6195 | D:8      | Bought a shiny ivory wand for 112 gold pieces
  6195 | D:8      | Bought a scroll of identify for 56 gold pieces
  6195 | D:8      | Bought a scroll of magic mapping for 98 gold pieces
  6888 | D:9      | Reached skill level 4 in Invocations
  6904 | D:9      | Noticed a troll
  6918 | D:9      | Killed a troll
  7032 | D:9      | Found a staircase to the Lair.
  7513 | D:9      | Reached XP level 10. HP: 69/96 MP: 10/10
  7575 | D:9      | Reached skill level 5 in Invocations
  7862 | Lair:1   | Entered Level 1 of the Lair of Beasts
  7869 | Lair:1   | Noticed a black mamba
  7893 | Lair:1   | Killed a black mamba
  8031 | Lair:1   | Gained mutation: You cannot study or cast Fire magic. [Ru
                  | sacrifice]
  8031 | Lair:1   | Gained mutation: You cannot study or cast Transmutations
                  | magic. [Ru sacrifice]
  8031 | Lair:1   | Gained mutation: You cannot study or cast Charms magic. [Ru
                  | sacrifice]
  8031 | Lair:1   | Reached ***** piety under Ru
  8066 | Lair:1   | Noticed a spiny frog
  8072 | Lair:1   | Killed a spiny frog
  9342 | Lair:2   | Reached skill level 6 in Invocations
  9494 | Lair:2   | Reached skill level 10 in Axes
  9516 | Lair:2   | Noticed a spiny frog
  9538 | Lair:2   | Killed a spiny frog
  9591 | Lair:2   | Noticed a spiny frog
  9601 | Lair:2   | Killed a spiny frog
  9601 | Lair:2   | Reached skill level 5 in Crossbows
  9601 | Lair:2   | Reached skill level 5 in Shields
  9754 | Lair:2   | Reached skill level 7 in Invocations
  9755 | Lair:2   | Reached XP level 11. HP: 79/104 MP: 11/11
  9864 | Lair:2   | Noticed a queen ant
  9873 | Lair:2   | Killed a queen ant
  9951 | Lair:2   | Reached skill level 5 in Evocations
 10483 | Lair:3   | Gained mutation: You are hated by all. [Ru sacrifice]
 10483 | Lair:3   | Reached ****** piety under Ru
 10492 | Lair:3   | Identified a scroll of acquirement
 10494 | Lair:3   | Found the +0 Maxwell's etheric cage {RegenMP+ *Contam rElec
                  | MP+4}
 10807 | Lair:3   | Reached skill level 8 in Invocations
 10864 | Lair:3   | Noticed a lindwurm
 10864 | Lair:3   | a komodo dragon changed into a lindwurm
 10869 | Lair:3   | Killed a lindwurm
 11520 | Lair:4   | Found a staircase to the Swamp.
 11652 | Lair:3   | Reached skill level 9 in Invocations
 11652 | Lair:3   | Reached XP level 12. HP: 105/115 MP: 12/12
 11979 | Lair:4   | Found a staircase to the Snake Pit.
 12333 | D:8      | Bought 2 coppery potions for 50 gold pieces
 12333 | D:8      | Bought 2 scrolls of teleportation for 168 gold pieces
 12333 | D:8      | Bought 2 potions of curing for 168 gold pieces
 12333 | D:8      | Bought a potion of flight for 84 gold pieces
 12866 | Lair:5   | Noticed a four-headed hydra
 12868 | Lair:5   | Noticed an ettin
 12868 | Lair:5   | a four-headed hydra changed into an ettin
 12869 | Lair:5   | Noticed an ice dragon
 12869 | Lair:5   | an ettin changed into an ice dragon
 12877 | Lair:5   | Killed an ice dragon
 13551 | D:10     | Entered Level 10 of the Dungeon
 13876 | D:10     | Reached skill level 10 in Fighting
 14153 | D:10     | Reached skill level 10 in Invocations
 14538 | D:11     | Found a staircase to the Orcish Mines.
 15426 | D:12     | Reached skill level 5 in Throwing
 15544 | D:12     | Noticed a two-headed ogre
 15545 | D:12     | Killed a two-headed ogre
 15548 | D:12     | Noticed a two-headed ogre
 15550 | D:12     | Noticed a five-headed hydra
 15561 | D:12     | Killed a two-headed ogre
 15562 | D:12     | Killed an 11-headed hydra
 15562 | D:12     | Reached XP level 13. HP: 123/123 MP: 2/10
 15653 | D:12     | Found a runed translucent door.
 15653 | D:12     | Found a shimmering altar of Xom.
 15653 | D:12     | Identified the +7 halberd "Pipeng" {chaos, rF+ Str+4 Dex+2}
 15653 | D:12     | Noticed Xapok's ghost (journeyman GnFi)
 16240 | D:13     | Found an opulent altar of Gozag.
 16298 | D:13     | Found Qynagelo's Weapon Shoppe.
 16342 | D:13     | Bought 5 silver javelins for 192 gold pieces
 16478 | D:13     | Found Uvinaewk's Magic Scroll Shoppe.
 16481 | D:13     | Bought a scroll of magic mapping for 63 gold pieces
 16481 | D:13     | Bought a scroll of identify for 36 gold pieces
 16628 | D:13     | Reached skill level 11 in Invocations
 17563 | D:14     | Reached skill level 12 in Invocations
 17645 | D:14     | Found a gate to the Vaults.
 17837 | D:14     | You fall into a shaft and drop 1 floor!
 17837 | D:15     | Entered Level 15 of the Dungeon
 18126 | D:15     | Reached skill level 13 in Invocations
 18126 | D:15     | Gained mutation: You resist negative energy. (rN+) [Deep
                  | Dwarf growth]
 18126 | D:15     | Reached XP level 14. HP: 84/135 MP: 9/9
 18133 | D:15     | Reached skill level 10 in Crossbows
 18189 | D:15     | Found a staircase to the Depths.
 18243 | Depths:1 | Entered Level 1 of the Depths
 18255 | Depths:1 | Noticed a stone giant
 18261 | Depths:1 | Killed a stone giant
 18269 | Depths:1 | Noticed a stone giant
 18270 | Depths:1 | Noticed a tengu reaver
 18271 | Depths:1 | Noticed a stone giant
 18376 | Depths:1 | Killed a stone giant
 18399 | Depths:1 | Gained mutation: You are dopey. (Int -2) [potion of
                  | mutation]
 18399 | Depths:1 | Gained mutation: You are resistant to hostile enchantments.
                  | (MR+) [potion of mutation]
 18399 | Depths:1 | Gained mutation: Your body sometimes deteriorates upon
                  | taking damage. [potion of mutation]
 18399 | Depths:1 | Gained mutation: You can translocate small distances at
                  | will. [potion of mutation]
 18400 | Depths:1 | Noticed a red very ugly thing
 18413 | Depths:1 | Noticed a lich
 18413 | Depths:1 | Noticed a red very ugly thing
 18414 | Depths:1 | Noticed a red very ugly thing
 18451 | Depths:1 | Noticed a frost giant
 18661 | D:15     | Reached skill level 14 in Invocations
 19096 | D:13     | Bought a scroll of fear for 63 gold pieces
 19508 | Swamp:1  | Entered Level 1 of the Swamp
 19835 | Swamp:1  | HP: 2/135 [shambling mangrove (28)]
 20235 | Swamp:1  | Reached skill level 1 in Maces & Flails
 20279 | Swamp:1  | Reached skill level 15 in Invocations
 20705 | Swamp:4  | Entered Level 4 of the Swamp
 20717 | Swamp:4  | HP: 6/136 [four-headed hydra (1)]
 20719 | Swamp:4  | Mangled by an alligator zombie

Levels and vault maps discovered:
D:1:      sevenhm_arrival_forest_fort_large_2, layout_basic, roderic_lattice_a,
          minmay_cupped
D:2:      layout_basic, overflow_temple_1_default
D:3:      layout_basic, grunt_ministairs_11, uniq_terence, uniq_robin
D:4:      layout_cave_pods, minmay_temple_entry_junction_2, first_ration,
          uniq_blork_the_orc
D:5:      layout_basic, elyvilon_altar_5, nemelex_altar_shiori,
          lemuel_doored_altar
D:6:      layout_gridville, basic_altar, minmay_tree_intersection, minivault_14,
          uniq_edmund
D:7:      layout_loops_ring, kennysheep_mini_moat, tgw_fedhas,
          chequers_temple_overflow_statue_of_worship, minmay_hedge_maze,
          minmay_manual_mares
D:8:      layout_loops_ring, serial_shops, shop, the_bakery,
          lemuel_flamethrower_2
D:9:      layout_basic, lair_entry_dummy, roderic_roman_lattice,
          patterned_corridor
D:10:     layout_cave_pods
D:11:     layout_gridville, hiddenorc1_lemuel
D:12:     layout_cave_pods, ebering_ghost_xom
D:13:     layout_basic, serial_shops, shop, kennysheep_mini, grunt_gozag_statues
D:14:     layout_roguey, grunt_vaults_entry_tiered
D:15:     grunt_enter_depths_hoard, layout_rooms
Lair:1:   layout_small_grid, gauntlet_entry_generic, st_stairs_7
Lair:2:   layout_chaotic_city, zaba_antful_of_joy, lemuel_fruit_fields
Lair:3:   layout_loops_ring, chequers_serial_rivers_micro_c, grunt_megastairs_4
Lair:4:   layout_hall_layers, swamp_mist, minmay_snake_entry_guardpost_medium
Lair:5:   layout_regular_city, grunt_megastairs_5
Swamp:1:  layout_falls_marsh, nicolae_swamp_trees_clearing, swamp_pool5
Swamp:2:  layout_basic_swamp, nicolae_swamp_dense_foliage
Swamp:3:  layout_falls_marsh, nicolae_swamp_round_clearing
Swamp:4:  swamp_old_school, layout_basic_swamp, swamp_pool1,
          nicolae_swamp_necromancer_hut
Depths:1: lemuel_traditional_vault, layout_basic, hell_entry,
          hangedman_stitches_earthworm, minmay_shop_grove

Skill      XL: |  1  2  3  4  5  6  7  8  9 10 11 12 13 14 |
---------------+-------------------------------------------+-----
Fighting       | 3 4 5 6 7 8 9 10 11 | 11.9
Throwing       | 1 2 3 4 5 6 |  6.7
Stealth        | 0 |  0.0
Armour         | 1 3 4 5 6 7 8 9 |  9.9
Axes           | 5 7 8 9 10 11 12 13 | 13.7
Shields        | 1 2 3 4 5 6 7 |  7.7
Dodging        | 4 0 |  0.0
Invocations    | 4 7 9 10 13 15 | 15.0
Evocations     | 3 4 6 7 8 9 |  9.6
Crossbows      | 3 5 7 8 9 10 | 10.3
Maces & Flails | 1 |  1.6

Action                   |  1- 3 |  4- 6 |  7- 9 | 10-12 | 13-15 || total
-------------------------+-------+-------+-------+-------+-------++-------
Melee: Hand axe          |   146 |   313 |       |       |    14 ||   473
       War axe           |       |    39 |   328 |   597 |   711 ||  1675
       Mace              |       |       |       |       |   124 ||   124
       Battleaxe         |       |       |       |       |    20 ||    20
 Fire: Hand crossbow     |       |       |    26 |   155 |    47 ||   228
       Arbalest          |       |       |       |       |    17 ||    17
Throw: Boomerang         |     1 |    36 |    70 |       |       ||   107
       Dart              |       |       |    10 |   131 |    70 ||   211
       Javelin           |       |       |       |       |    29 ||    29
Invok: Sacrifice Stealth |     1 |       |       |       |       ||     1
       Draw Out Power    |       |     1 |     2 |    10 |    26 ||    39
       Sacrifice Experie |       |     1 |       |       |       ||     1
       Sacrifice Nimblen |       |       |     1 |       |       ||     1
       Power Leap        |       |       |       |     3 |       ||     3
       Sacrifice Arcana  |       |       |       |     1 |       ||     1
       Apocalypse        |       |       |       |     5 |     6 ||    11
       Sacrifice Love    |       |       |       |     1 |       ||     1
 Abil: Heal Wounds       |       |     5 |     9 |    13 |    61 ||    88
       Evoke Berserk Rag |       |       |     1 |     2 |     5 ||     8
       Blink             |       |       |       |       |    11 ||    11
Evoke: Wand              |       |       |     3 |    83 |    41 ||   127
       Crystal ball of e |       |       |       |     1 |       ||     1
  Use: Potion            |     3 |     2 |     3 |     4 |    11 ||    23
       Scroll            |     7 |     5 |    11 |    17 |    19 ||    59
 Stab: Sleeping          |     4 |       |       |       |       ||     4
       Distracted        |       |     1 |     1 |     7 |     6 ||    15
       Invisible         |       |       |     2 |     1 |    34 ||    37
       Paralysed         |       |       |       |    21 |    37 ||    58
       Confused          |       |       |       |       |     3 ||     3
  Eat: Ration            |     2 |     2 |     4 |     8 |     6 ||    22
Armor: Robe              |     9 |       |       |       |       ||     9
       Ring mail         |    27 |       |       |       |       ||    27
       Chain mail        |    50 |   220 |   143 |   281 |       ||   694
       Skin              |    16 |    21 |     3 |       |       ||    40
       Plate armour      |       |       |       |    37 |   330 ||   367
       Swamp dragon scal |       |       |       |       |   142 ||   142
       Ice dragon scales |       |       |       |       |    24 ||    24
Dodge: Dodged            |    88 |   103 |    95 |   140 |   225 ||   651
Block: Buckler           |    14 |    71 |    94 |   185 |   376 ||   740
       Other             |       |       |       |       |     5 ||     5
       Reflection        |       |       |       |       |     5 ||     5
